 Dungeon Crawl Stone Soup version 0.29-a0-802-g34511f41fd (webtiles) character file.

Game seed: 10752621283359816009

151 bande the Trooper (level 5, -4/33 HPs)
             Began as a Gargoyle Fighter on July 4, 2022.
             Slain by a gnoll
             ... wielding a +0 halberd
             ... led by a gnoll bouda
              (10 damage)
             ... on level 3 of the Dungeon.
             The game lasted 00:05:18 (3118 turns).

bande the Trooper (Gargoyle Fighter)                Turns: 3118, Time: 00:05:19

Health: -4/33      AC: 13    Str: 20    XL:     5   Next: 33%
Magic:  5/5        EV: 13    Int:  8    God:
Gold:   179        SH:  4    Dex: 11    Spells: 4/4 levels left

rFire   . . .      SeeInvis .   a - +0 war axe
rCold   + . .      Faith    .   c - +0 buckler
rNeg    + . .      Spirit   .   b - +0 scale mail
rPois   ∞          Reflect  .   l - +1 helmet
rElec   +          Harm     .   (no cloak)
rCorr   .          Rampage  .   (no gloves)
Will    .....                   (no boots)
Stlth   ..........              (no amulet)
HPRegen 0.11/turn               e - ring of protection from cold
MPRegen 0.09/turn               g - +4 ring of evasion

@: weakened
A: sickness immunity, AC +4, negative energy resistance 1, electricity
resistance, torment resistance 1, petrification resistance
a: no special abilities


You were on level 3 of the Dungeon.
You visited 1 branch of the dungeon, and saw 3 of its levels.

You collected 179 gold pieces.

Inventory:

Hand Weapons
 a - a +0 war axe (weapon)
 k - a +0 flail of protection
Armour
 b - a +0 scale mail (worn)
 c - a +0 buckler (worn)
 l - a +1 helmet (worn)
Jewellery
 e - a ring of protection from cold (left hand)
 g - a +4 ring of evasion (right hand)
Scrolls
 n - a scroll of identify
Potions
 d - 3 potions of might
 f - 2 potions of invisibility
 h - a potion of brilliance
 i - a potion of haste
 j - a potion of mutation {unknown}
 m - a potion of heal wounds {unknown}


   Skills:
 + Level 4.3 Fighting
 + Level 3.3 Axes
 + Level 3.9 Armour
 + Level 4.0 Shields


You had 4 spell levels left.
You didn't know any spells.
Your spell library was empty.

Dungeon Overview and Level Annotations

Branches:
Dungeon (3/15)

Altars:
Ashenzari

Shops:
D:2 [


Innate Abilities, Weirdness & Mutations

You are immune to sickness and miasma.
Your stone body is resilient. (AC +4)
You are immune to poison.
You resist negative energy. (rN+)
You are resistant to electric shocks. (rElec)
You are resistant to unholy torment.
You are immune to petrification.


Message History

The gnoll bouda hits you with a +0 club.
The gnoll hits you but does no damage.
You hit the gnoll bouda.
The gnoll bouda is heavily wounded.
You hit the gnoll. You barely miss the gnoll. You completely miss the gnoll.
The gnoll bouda barks out a call to the hunt!
The gnolls pick up the pace!
You block the gnoll's attack. x2; The gnoll hits you but does no damage.
Unknown command.
You hit the gnoll bouda.
The gnoll bouda is heavily wounded.
You hit the gnoll. You hit the gnoll but do no damage.
You barely miss the gnoll.
Your attacks no longer feel as feeble.
The gnoll bouda hits you with a +0 club.
The gnoll barely misses you. The gnoll closely misses you.
The gnoll hits you but does no damage.
The gnoll bouda calls upon its god to heal the gnoll.
The gnoll's wounds heal themselves!
The gnoll closely misses you. The gnoll hits you with a +0 flail.
* * * LOW HITPOINT WARNING * * *
The gnoll misses you.
You closely miss the gnoll bouda.
The gnoll bouda is heavily wounded.
You hit the gnoll. You slash the gnoll! You completely miss the gnoll.
The gnoll bouda barely misses you. You block the gnoll's attack.
The gnoll closely misses you. The gnoll barely misses you.
Unknown command.
You barely miss the gnoll bouda.
The gnoll bouda is heavily wounded.
You closely miss the gnoll. You hit the gnoll but do no damage.
You closely miss the gnoll.
The gnoll bouda gazes fiercely through you!
You feel your attacks grow feeble.
The gnoll bouda hits you but does no damage.
You block the gnoll's attack. The gnoll hits you but does no damage.
The gnoll hits you with a +0 club.
* * * LOW HITPOINT WARNING * * *
The gnoll bouda misses you. The gnoll hits you with a +0 halberd!
You die...

#.#.#.# #..........#.
######.#.# ####.......#.
#...###.###...#.......#.
#.>...###...<.#.......#.
........... #.#######.
....⌠....###.# #)
#.....# #...# ##
####ggg# #...# #...g@#
#..)# #.....# #...#
#.....# #...# #.....#
###...### #.....#
#.......# #.....#
#.#...#.# #.....#
#.#####.## #.....#
#.'...'..# ########.#..#
###≈≈.##.#


You could see a gnoll bouda and 3 gnolls.

Vanquished Creatures
  5 adders
  4 gnolls (D:3)
  2 worms
  A dart slug (D:2)
  7 ball pythons
  8 bats
  5 endoplasms
  6 giant cockroaches
  2 goblins (D:2)
  2 hobgoblins
  2 jackals (D:1)
  A quokka (D:3)
  2 frilled lizards
  8 kobolds
  7 rats
62 creatures vanquished.

Notes
Turn   | Place    | Note
-------+----------+-------------------------------------------
     0 | D:1      | bande the Gargoyle Fighter began the quest for the Orb.
     0 | D:1      | Reached XP level 1. HP: 14/14 MP: 1/1
    75 | D:1      | Reached XP level 2. HP: 12/19 MP: 2/2
   758 | D:2      | Reached XP level 3. HP: 24/24 MP: 3/3
   762 | D:2      | Found a broken altar of Ashenzari.
  1205 | D:2      | Reached XP level 4. HP: 26/29 MP: 4/4
  1548 | D:2      | Found Qagganupp's Antique Armour Boutique.
  1584 | D:2      | Found a faded altar of an unknown god.
  2290 | D:3      | Reached XP level 5. HP: 12/33 MP: 5/5
  3118 | D:3      | Slain by a gnoll

Illustrated notes

Levels and vault maps discovered:
D:1:      zelgadis_glass_arrival_small, layout_basic, nrook_mini_vaults
D:2:      minmay_skewed_foursquare, layout_basic, serial_shops, shop,
          basic_altar, shapermc_ecumenical_altar_mp_highgroup
D:3:      layout_basic, grunt_ministairs_12, kennysheep_nondescript

Skill      XL: |  1  2  3  4  5 |
---------------+----------------+-----
Axes           | 2 3 |  3.3
Fighting       | 4 |  4.3
Shields        | 4 |  4.0
Armour         | |  3.9

Action                   |  1- 3 |  4- 6 || total
-------------------------+-------+-------++-------
Melee: War axe           |   109 |    90 ||   199
  Use: Scroll            |     3 |     7 ||    10
Armor: Scale mail        |    85 |    47 ||   132
Dodge: Dodged            |    68 |    76 ||   144
Block: Buckler           |    31 |    31 ||    62

Table legend: (Time is in decaauts)
 A = Elapsed time spent in this place.
 B = Non-inter-level travel time spent in this place.
 C = Inter-level travel time spent in this place.
 D = Time resting spent in this place.
 E = Time spent auto-exploring this place.
 F = Levels seen in this place.
 G = Mean time per level.
                   A        B        C        D        E       F      G
               +--------+--------+--------+--------+--------+-----+--------+
         Total |   3198 |   3186 |     12 |    467 |   2137 |   3 | 1066.0 |
       Dungeon |   3198 |   3186 |     12 |    467 |   2137 |   3 | 1066.0 |
               +--------+--------+--------+--------+--------+-----+--------+

Top non-repeatable levels by time:
     D:3: 1389 daAuts
     D:2: 1069 daAuts
     D:1: 739 daAuts
